Map: Lerilak Crest

Players

Sacul - Winner!

  • Race: Zerg Zerg
  • League: Grandmaster

CaptRaynor

  • Race: Zerg Zerg
  • League: Grandmaster

VOD

Have the link to the VOD?

Description

Time

  • Played on: July 15, 2015, 12:49 a.m.
  • Length: 19:46
Show
View Real Time Build Order
Export as new Build Order

Sacul Zerg - Winner!

Build Orders: 3 Hatch before Pool 

Get SALT Encoding   

  12  0:31  Hatchery  
  11  0:56  Hatchery  
  10  1:15  Spawning Pool  
  9  1:20  Drone  
  10  1:26  Drone  
  11  1:33  Drone  
  11  1:37  Drone  
  13  1:41  Extractor  
  13  1:46  Drone  
  13  1:51  Drone  
  14  1:56  Drone  
  14  1:59  Drone  
  16  2:09  Spine Crawler  
  16  2:13  Drone  
  16  2:23  Spine Crawler  
  16  2:29  Drone  
  16  2:31  Drone  
  16  2:35  Drone  
  18  2:39  Drone  
  19  2:44  Drone  
  19  2:47  Drone  
  21  2:54  Drone x2  
  23  3:03  Overlord  
  23  3:06  Drone  
  24  3:13  Metabolic Boost  
  24  3:16  Drone x2  
  26  3:28  Drone x2  
  26  3:29  Drone x3  
  26  3:31  Drone  
  32  3:36  Drone  
  32  3:37  Drone  
  34  3:46  Spine Crawler  
  33  3:52  Overlord  
  33  4:06  Roach Warren, Queen  
  34  4:22  Zergling x16  
  42  4:24  Overlord  
  42  4:42  Queen x2  
  42  4:43  Lair  
  46  4:54  Drone x4  
  46  4:55  Overlord x2  
  50  5:06  Extractor  
  49  5:15  Roach x5  
  49  5:16  Roach  
  60  5:29  Spore Crawler  
  60  5:32  Spore Crawler  
  60  5:33  Spore Crawler  
  57  5:36  Spore Crawler  
  57  5:37  Spore Crawler  
  57  5:38  Spore Crawler  
  54  5:46  Spire  
  53  5:50  Spore Crawler  
  53  5:51  Drone x10  
  53  5:52  Drone  
  63  5:58  Overseer  
  63  6:00  Drone  
  63  6:01  Drone  
  64  6:24  Overlord x2  
  64  6:33  Extractor  
  64  6:34  Drone  
  64  6:35  Drone x2, Overlord, Extractor  
  64  6:36  Overlord  
  64  6:39  Extractor  
  64  6:45  Glial Reconstitution  
  64  6:49  Drone  
  64  6:50  Drone x13  
  64  6:51  Drone  
  79  7:01  Extractor  
  78  7:15  Roach  
  80  7:16  Roach x8  
  96  7:25  Evolution Chamber  
  96  7:28  Evolution Chamber  
  96  7:29  Roach  
  96  7:42  Infestation Pit  
  96  7:43  Overseer x2  
  95  7:49  Overlord x5  
  95  7:51  Drone x2  
  97  8:01  Zerg Missile Weapons Level 1, Zerg Ground Armor Level 1  
  97  8:18  Mutalisk x3  
  97  8:19  Mutalisk x4  
  111  8:32  Overlord x2  
  111  8:41  Hive  
  111  8:42  Roach  
  111  8:43  Roach x6  
  125  9:08  Roach  
  125  9:09  Roach x10  
  147  9:28  Overlord x2  
  147  9:57  Hatchery  
  58  10:07  Roach  
  58  10:08  Roach x13  
  86  10:36  Tunneling Claws  
  86  10:38  Zerg Missile Weapons Level 2  
  86  10:39  Zerg Ground Armor Level 2  
  86  10:41  Roach x10  
  86  10:42  Roach x2  
  110  10:57  Overseer x2  
  110  10:58  Overseer x2  
  110  11:04  Roach  
  110  11:05  Roach x9  
  110  11:09  Burrow  
  130  11:13  Greater Spire  
  130  11:21  Roach  
  130  11:22  Roach x5  
  140  12:04  Corruptor x3  
  140  12:06  Overlord x6  
  140  12:07  Overlord  
  146  12:42  Brood Lord  
  146  12:43  Brood Lord x2  
  152  12:44  Corruptor  
  152  12:45  Corruptor x3  
  156  13:01  Hatchery, Roach x41  
  155  13:24  Brood Lord  
  155  13:25  Corruptor x4  
  165  13:39  Brood Lord x3  
  161  14:12  Hatchery  
  144  14:42  Mutalisk  
  144  14:43  Mutalisk x7  
  148  15:03  Mutalisk x2  
  146  15:58  Zergling x10  
  146  15:59  Zergling x16  
  147  16:10  Extractor  
  140  16:21  Corruptor  
  140  16:22  Corruptor x3  
  140  16:23  Roach x31  
  128  16:37  Roach x31  
  112  17:02  Roach x31  
  112  17:12  Zergling x2  
  113  17:28  Roach x31  
  113  17:39  Mutalisk x3  
  117  17:59  Mutalisk  
  117  18:00  Mutalisk  
  115  18:17  Overseer x2  
  115  18:34  Roach x31  
  111  19:07  Hatchery  
Show
View Real Time Build Order
Export as new Build Order

CaptRaynor Zerg 

Build Orders: Hatch First, Lurkers 

Get SALT Encoding   

  12  0:01  Drone  
  14  0:14  Drone  
  14  0:39  Hatchery  
  14  0:40  Drone  
  14  0:53  Overlord  
  14  0:54  Overlord  
  14  1:13  Extractor  
  14  1:14  Drone x2  
  15  1:31  Spawning Pool  
  14  1:44  Drone x3  
  17  1:57  Drone x2  
  19  2:05  Drone  
  20  2:21  Lair  
  20  2:25  Queen, Extractor  
  20  2:27  Drone  
  20  2:28  Drone x3  
  25  2:41  Drone x3  
  28  2:56  Drone x3  
  31  3:05  Queen  
  33  3:15  Evolution Chamber  
  33  3:18  Drone x4  
  36  3:23  Overlord  
  36  3:41  Overlord x2, Queen  
  38  3:51  Overlord x2  
  38  3:53  Drone x3  
  41  3:57  Zerg Ground Armor Level 1  
  41  4:08  Hydralisk Den  
  41  4:09  Queen  
  42  4:32  Queen  
  42  4:37  Hatchery  
  43  4:52  Lurker Den  
  43  4:57  Drone x3  
  46  5:01  Extractor  
  45  5:14  Hydralisk x8  
  45  5:15  Hydralisk  
  45  5:16  Zergling x2  
  64  5:44  Drone x3  
  64  5:49  Extractor  
  66  5:54  Drone x3  
  66  5:55  Drone x2  
  71  5:57  Overlord x3  
  71  6:01  Zerg Missile Weapons Level 1  
  71  6:22  Muscular Augments  
  71  6:56  Lurker x2  
  71  6:57  Lurker x3  
  76  7:15  Hydralisk x4  
  76  7:17  Zergling x4  
  76  7:18  Zergling x12  
  76  7:19  Zergling x12  
  98  7:24  Overlord  
  98  7:31  Queen  
  100  8:13  Hatchery  
  99  8:26  Zerg Ground Armor Level 2  
  99  8:28  Zergling x6  
  99  8:29  Zergling x24  
  114  8:36  Overlord x2  
  114  8:59  Hydralisk  
  114  9:00  Hydralisk x3  
  122  9:05  Overlord x5  
  120  9:31  Overlord x2  
  120  9:32  Overlord x5  
  120  9:49  Hydralisk  
  120  9:50  Hydralisk x7  
  118  10:30  Infestation Pit  
  117  10:37  Zergling x2  
  117  10:38  Zergling x32  
  117  10:42  Zerg Missile Weapons Level 2  
  159  12:11  Zergling x8  
  159  12:12  Zergling x22  
  174  12:24  Drone  
  175  12:39  Burrow  
  175  13:03  Zerg Melee Weapons Level 1  
  175  13:13  Roach Warren  
  175  13:18  Extractor  
  175  13:19  Extractor  
  172  13:59  Spire  
  94  15:02  Hive  
  88  15:12  Mutalisk  
  88  15:13  Mutalisk x22  
  73  16:14  Zergling x16  
  73  16:15  Zergling x6  
  71  17:25  Hatchery  
  60  18:22  Hatchery  
  59  18:38  Hatchery  
  54  19:13  Hatchery  
Tags
 
Add a new tag
Caveats
  • Supply blocks, unpowered buildings, or Contaminate may cause inaccurate times.
  • Supply counts are checked every 10 seconds.